 Dungeon Crawl Stone Soup version 0.29.1-2-gbd0b4ee654 (webtiles) character file.

Game seed: 11078468348142314055

5845 qeuew the Merchant of Misery (level 10, -11/50 HPs)
             Began as a Deep Elf Necromancer on Nov 15, 2022.
             Was a Believer of Kikubaaqudgha.
             Killed from afar by an acid dragon (28 damage)
             ... with a splash of acid
             ... on level 8 of the Dungeon.
             The game lasted 00:24:16 (11621 turns).

qeuew the Merchant of Misery (DENe)                Turns: 11621, Time: 00:24:16

Health: -11/50     AC:  8    Str:  5    XL:     10   Next: 51%
Magic:  6/27       EV: 21    Int: 27    God:    Kikubaaqudgha [**....]
Gold:   422        SH:  0    Dex: 19    Spells: 17/27 levels left

rFire   . . .      SeeInvis .   g - +1 dagger (flame)
rCold   . . .      Faith    .   (no shield)
rNeg    . . .      Spirit   .   a - +1 robe
rPois   .          Reflect  .   k - +2 helmet
rElec   .          Harm     .   (no cloak)
rCorr   .          Rampage  .   r - +1 pair of gloves {Stlth+}
Will    +....                   (no boots)
Stlth   +++++.....              (no amulet)
HPRegen 0.16/turn               o - +4 ring of evasion
MPRegen 0.20/turn               m - +6 ring of intelligence

@: marked, unable to drink
A: high MP 1, inability to drink after injury 1
a: Renounce Religion, Unearth Wretches


You were on level 8 of the Dungeon.
You worshipped Kikubaaqudgha.
Kikubaaqudgha was pleased with you.
You visited 2 branches of the dungeon, and saw 11 of its levels.

You collected 422 gold pieces.

Inventory:

Hand Weapons
 g - a +1 dagger of flaming (weapon)
Armour
 a - a +1 robe (worn)
 k - a +2 helmet (worn)
 r - a +1 pair of gloves of stealth (worn)
Jewellery
 l - the ring of Imeiboto {rN+ Dex+3}
   (You found it on level 5 of the Dungeon)

   [ring of positive energy]

   Dex:       It affects your dexterity (+3).
   rN:        It protects you from negative energy.
 m - a +6 ring of intelligence (right hand)
 o - a +4 ring of evasion (left hand)
Wands
 f - a wand of light (10)
 i - a wand of roots (6)
 s - a wand of flame (34)
Scrolls
 c - 6 scrolls of magic mapping
 d - 2 scrolls of identify
Potions
 b - 2 potions of magic
 e - 3 potions of cancellation
 h - 5 potions of flight
 n - a potion of haste
 p - 2 potions of heal wounds
 q - a potion of resistance


   Skills:
 + Level 6.0 Short Blades
 + Level 8.0 Dodging
 + Level 8.7 Stealth
 + Level 9.0 Spellcasting
 + Level 9.1 Necromancy
 + Level 4.7 Fire Magic
 + Level 5.7 Evocations


You had 17 spell levels left.
You knew the following spells:

 Your Spells              Type           Power      Damage    Failure   Level
a - Necrotise             Necr           100%       1d9       1%          1
b - Vampiric Draining     Necr           57%        2d10      1%          3
c - Animate Dead          Necr           57%        N/A       1%          4
d - Scorch                Fire           76%        2d8       1%          2

Your spell library contained the following spells:

 Spells                   Type           Power      Damage    Failure   Level
 Sublimation of Blood     Necr           57%        N/A       1%          2
 Agony                    Necr           57%        N/A       3%          5
 Apportation              Tloc           24%        N/A       4%          1
 Summon Small Mammal      Summ           48%        N/A       4%          1
 Poisonous Vapours        Pois/Air       24%        N/A       7%          2
 Anguish                  Hex/Necr       18%        N/A       7%          4
 Call Canine Familiar     Summ           12%        N/A       14%         3
 Ozocubu's Armour         Ice            12%        N/A       14%         3
 Portal Projectile        Hex/Tloc       24%        N/A       14%         3
 Summon Guardian Golem    Hex/Summ       12%        N/A       14%         3
 Tukima's Dance           Hex            12%        N/A       14%         3
 Corpse Rot               Necr/Pois/Air  28%        N/A       14%         4
 Flame Wave               Conj/Fire      25%        2d8       19%         4
 Alistair's Intoxication  Tmut/Pois      8%         N/A       78%         5
 Blade Hands              Tmut           6%         N/A       78%         5
 Summon Cactus Giant      Summ           6%         N/A       100%        6
 Ozocubu's Refrigeration  Ice            6%         4d8       100%        7


Dungeon Overview and Level Annotations

Branches:
Dungeon (10/15)            Temple (1/1) D:6
   Lair: D:8-11         Orc: D:9-12

Altars:
Ashenzari
Dithmenos
Elyvilon
Fedhas
Gozag
Hepliaklqana
Kikubaaqudgha
Makhleb
Nemelex Xobeh
Qazlal
Ru
Sif Muna
Trog
Uskayaw
Vehumet
Wu Jian
Xom
Yredelemnul
Zin
The Shining One

Shops:
D:1 =

Annotations:
D:9 2 runed translucent doors, xian's ghost, novice DsAK
D:10 Amaemon


Innate Abilities, Weirdness & Mutations

You have an increased reservoir of magic. (+10% MP)
You occasionally lose the ability to drink potions when taking damage.


Message History

Press: ? - help, Q - select action, (/) - cycle Shift-Dir - straight line, f/p - centaur
Aim: a centaur (severely wounded, chance to affect: 83%)
The centaur barely resists.
The wolf bites you. The centaur hits you. The centaur barely misses you.
The wight hits your manticore skeleton with a +0 battleaxe!
The wight barely misses you.
The acid dragon bites your manticore skeleton.
The acid dragon claws your manticore skeleton.
Your manticore skeleton bites the wight.
Your manticore skeleton closely misses the wight.
Your manticore skeleton claws the wight but does no damage.
Unknown command.
Aiming: Necrotise (safe; 1% risk of failure)
Press: ? - help, Q - select action, (/) - cycle Shift-Dir - straight line, f/p - centaur
Aim: a centaur (severely wounded, chance to affect: 83%)
The centaur writhes in agony!
You kill the centaur!
Kikubaaqudgha accepts your kill.
The dead are walking!
The wolf bites you. The wolf bites you!
You feel threatened and lose the ability to drink potions!
The wight hits your manticore skeleton with a +0 battleaxe!
The wight barely misses you.
Your manticore skeleton closely misses the wight.
Your manticore skeleton claws the wight!
The wight is destroyed!
Kikubaaqudgha accepts your kill.
Your Short Blades skill increases to level 6!
Your Spellcasting skill increases to level 9!
Aiming: Necrotise (safe; 1% risk of failure)
Press: ? - help, Q - select action, (/) - cycle Shift-Dir - straight line, f - acid dragon
Aim: an acid dragon (chance to affect: 83%)
The acid dragon writhes in agony!
The wolf bites you but does no damage.
The wight hits your manticore skeleton with a +3 battleaxe!
The wolf bites you. The acid dragon spits acid at you.
The splash of acid hits you!!
Ouch! That really hurt!
You die...
Kikubaaqudgha rasps: "You have failed me!
Welcome... death!"

##'############.....<#
#.....#......#...Y...# ###
#.#.#.#.#..#.#..D....#....
#.....#......#.c.......#
#.#.#.#......#.......#.#
#.)...'[#..#.#....#.####
########..h.....z..##..
###.....#########z.#.# ....
#...).......#..@hz(### .....
#.......##..##.)Dz)# #.....
#......###..##.ZZ#.##.......
###...##.#..#..###...)...#
#......##....# ##..###.#
##.......#...## #..#
#........#...#####...#
###..................#
###.......##.#.#.#.#


You could see an acid dragon (catching breath, ally target), a wolf (ally
target), 4 wights, a friendly manticore skeleton and a friendly centaur
skeleton.

Vanquished Creatures
  A two-headed ogre (D:8)
  A manticore (D:8)
  An unseen horror (D:8)
  A troll (D:8)
  Grinder (D:3)
  Sigmund (D:2)
  Eustachio (D:4)
  An acid dragon (D:8)
  A water moccasin (D:5)
  An ice beast (D:4)
  4 orc warriors
  3 sky beasts
  2 black bears (D:4)
  4 wolves (D:8)
  2 ogres (D:4)
  2 centaurs
  A bullfrog (D:8)
  A necrophage (D:4)
  A gnoll sergeant (D:6)
  2 scorpions (D:6)
  2 wights (D:6)
  An electric eel (D:8)
  3 howler monkeys
  2 centaur zombies (D:6)
  A human zombie (D:6)
  2 quasits (D:4)
  3 bullfrog zombies (D:6)
  A jelly (D:6)
  4 orc priests
  A gnoll bouda (D:7)
  9 hounds
  Crazy Yiuf (D:2)
  4 iguanas
  6 orc wizards
  A killer bee zombie (D:6)
  3 mummies (D:6)
  12 adders
  14 gnolls
  4 shadow imps (D:4)
  A white imp (D:4)
  2 worms
  2 dart slugs
  39 orcs
  2 ball pythons
  3 endoplasms
  8 giant cockroaches
  12 goblins
  6 hobgoblins
  8 jackals
  6 kobolds
  10 quokkas
  8 bats
  4 frilled lizards
  A rat (D:1)
218 creatures vanquished.

Vanquished Creatures (collateral kills)
  Duvessa (D:4)
  A kobold brigand (D:8)
  A wight (D:8)
  Dowan (D:4)
  2 hounds
  An iguana (D:6)
  2 gnolls
  2 adders
  A shadow imp (D:4)
  An ufetubus (D:4)
  6 orcs
  2 goblins
  A jackal (D:2)
22 creatures vanquished.

Vanquished Creatures (others)
  A yak (D:8)
  A shadow imp (D:8)
  6 orc zombies
  3 gnoll zombies (D:4)
  A ball python zombie (D:4)
  A bat (D:8)
  3 demonic plants (D:4)
  2 fungi (D:2)
18 creatures vanquished.

Grand Total: 258 creatures vanquished

Notes
Turn   | Place    | Note
-------+----------+-------------------------------------------
     0 | D:1      | qeuew the Deep Elf Necromancer began the quest for the Orb.
     0 | D:1      | Reached XP level 1. HP: 10/10 MP: 6/6
   186 | D:1      | Reached skill level 5 in Necromancy
   186 | D:1      | Reached XP level 2. HP: 15/15 MP: 6/8
   278 | D:1      | Found Rojitsif's Jewellery Boutique.
   647 | D:1      | Reached XP level 3. HP: 19/19 MP: 6/10
   939 | D:2      | Learned a level 3 spell: Vampiric Draining
  1214 | D:2      | Reached XP level 4. HP: 24/24 MP: 8/11
  1251 | D:2      | Noticed Sigmund
  1262 | D:2      | Killed Sigmund
  1263 | D:2      | Reached skill level 1 in Short Blades
  1263 | D:2      | Reached XP level 5. HP: 28/28 MP: 2/13
  1348 | D:2      | Found a faded altar of an unknown god.
  1815 | D:2      | Learned a level 4 spell: Animate Dead
  1980 | D:2      | Found a runed translucent door.
  1981 | D:2      | Noticed Crazy Yiuf
  1990 | D:2      | Killed Crazy Yiuf
  1991 | D:2      | Reached XP level 6. HP: 32/32 MP: 8/15
  2648 | D:3      | Reached skill level 5 in Spellcasting
  3116 | D:3      | Noticed Grinder
  3147 | D:3      | Killed Grinder
  3148 | D:3      | Reached skill level 5 in Stealth
  3148 | D:3      | Reached XP level 7. HP: 8/36 MP: 9/17
  3548 | D:3      | Found a faded altar of an unknown god.
  3572 | D:3      | Found a shimmering altar of Xom.
  3580 | D:3      | Gained mutation: You occasionally lose the ability to drink
                  | potions when taking damage. [potion of mutation]
  3580 | D:3      | Gained mutation: You have an increased reservoir of magic.
                  | (+10% MP) [potion of mutation]
  3637 | D:4      | Reached skill level 5 in Dodging
  3746 | D:4      | Found a hide-covered altar of Uskayaw.
  3775 | D:4      | Noticed Dowan
  3776 | D:4      | Noticed Duvessa
  3791 | D:4      | Killed Duvessa
  3792 | D:4      | Reached skill level 1 in Evocations
  3793 | D:4      | Killed Dowan
  4042 | D:4      | Reached XP level 8. HP: 6/41 MP: 14/21
  4636 | D:4      | Found an opulent altar of Gozag.
  4643 | D:4      | Found an opulent altar of Gozag.
  4643 | D:4      | Found an opulent altar of Gozag.
  4654 | D:4      | Found an opulent altar of Gozag.
  4737 | D:4      | Noticed Eustachio
  4984 | D:4      | Killed Eustachio
  5822 | D:4      | Learned a level 2 spell: Scorch
  5832 | D:5      | Entered Level 5 of the Dungeon
  5898 | D:4      | Reached skill level 1 in Fire Magic
  6192 | D:5      | Reached XP level 9. HP: 44/45 MP: 13/23
  6492 | D:5      | Identified the ring of Imeiboto {rN+ Dex+3}
  6499 | D:5      | Found a bloodstained altar of Trog.
  6676 | D:5      | Found a glowing silver altar of Zin.
  8060 | D:6      | Found a staircase to the Ecumenical Temple.
  8234 | Temple   | Entered the Ecumenical Temple
  8265 | Temple   | Became a worshipper of Kikubaaqudgha
  8413 | D:6      | Found a basalt altar of Yredelemnul.
  8420 | D:6      | Reached skill level 5 in Short Blades
  9008 | D:7      | You fall into a shaft and drop 3 floors!
  9008 | D:10     | Entered Level 10 of the Dungeon
  9045 | D:10     | HP: 2/45 [something (9)]
  9359 | D:10     | Noticed Amaemon
  9448 | D:9      | Found a large runed translucent door.
  9448 | D:9      | Found a large runed translucent door.
  9452 | D:9      | Noticed xian's ghost (novice DsAK)
  9765 | D:8      | Reached * piety under Kikubaaqudgha
  9765 | D:8      | Received a gift from Kikubaaqudgha
  9765 | D:8      | HP: 2/45 [hound (3)]
  9968 | D:8      | Reached skill level 5 in Evocations
 10086 | D:8      | Noticed a troll
 10099 | D:8      | Killed a troll
 10100 | D:8      | Reached XP level 10. HP: 27/50 MP: 15/26
 10103 | D:8      | Noticed a two-headed ogre
 10113 | D:8      | Killed a two-headed ogre
 10379 | D:7      | Found a broken altar of Ashenzari.
 11025 | D:7      | Found a burning altar of Makhleb.
 11304 | D:8      | Reached ** piety under Kikubaaqudgha
 11540 | D:8      | Noticed a cyclops
 11607 | D:8      | HP: 2/50 [centaur/arrow (4)]
 11621 | D:8      | Killed from afar by an acid dragon

Illustrated notes

Levels and vault maps discovered:
D:1:      kennysheep_arrival_forest, layout_basic, serial_shops, shop_statue,
          supply_closet_lemuel
D:2:      layout_basic, hellmonk_ecumenical_altar_leap_of_faith, uniq_sigmund,
          uniq_crazy_yiuf_cottage
D:3:      minmay_skewed_foursquare, layout_loops_ring,
          nicolae_overflow_ecumenical_swirl, uniq_grinder
D:4:      layout_basic, eat_drink_and_be_merry_uskayaw,
          nicolae_gozag_conspicuous_consumption, serial_demonic,
          serial_demonic_c, serial_demonic_a, serial_demonic_f,
          serial_demonic_g, wad_orctagon, uniq_eustachio, uniq_duvessa
D:5:      layout_cave_pools, zin_statuary, mainiacjoe_overflow_paths,
          serial_column_ruins, column_ruins_open_medium, column_ruins_open_tiny,
          column_ruins_grid_1, column_ruins_open_small_water,
          grunt_decor_one_mirror
D:6:      layout_basic, lemuel_mausoleum_altar_yredelemnul,
          minmay_temple_entry_nine_rooms
D:7:      layout_cave_pools, general_overflow_altar, ashenzari_altar_1
D:8:      minmay_clustersquares, layout_cave_pools, erik_lair_island,
          enter_bailey_3
D:9:      layout_cave_pools, mainiacjoe_overflow_small_starburst,
          ebering_ghost_disaster_area
D:10:     layout_roguey, mainiacjoe_overflow_cross_hatched, uniq_amaemon
Temple:   minmay_temple_bridge_abc

Skill      XL: |  1  2  3  4  5  6  7  8  9 10 |
---------------+-------------------------------+-----
Necromancy     | 5 6 7 8 9 |  9.1
Stealth        | 3 4 5 6 8 |  8.7
Dodging        | 3 4 5 6 7 8 |  8.0
Short Blades   | 1 2 3 4 5 6 |  6.0
Spellcasting   | 4 5 6 7 8 9 |  9.0
Evocations     | 1 3 5 |  5.7
Fire Magic     | 1 4 |  4.7

Action                   |  1- 3 |  4- 6 |  7- 9 | 10-12 || total
-------------------------+-------+-------+-------+-------++-------
Melee: Unarmed           |     1 |       |       |       ||     1
       Dagger            |     1 |    37 |   148 |    14 ||   200
       Punch             |       |       |     1 |       ||     1
 Cast: Necrotise         |    59 |   103 |   296 |   123 ||   581
       Animate Dead      |       |     2 |     3 |       ||     5
       Scorch            |       |       |    43 |       ||    43
       Vampiric Draining |       |       |     2 |     3 ||     5
Invok: Unearth Wretches  |       |       |       |     1 ||     1
  Use: Scroll            |     4 |     5 |    13 |     2 ||    24
       Potion            |     1 |     3 |     5 |     2 ||    11
 Stab: Distracted        |       |       |     2 |       ||     2
Armor: Robe              |     2 |    19 |   124 |    19 ||   164
Dodge: Dodged            |     9 |    70 |   517 |   122 ||   718
